 Dungeon Crawl Stone Soup version 0.28-b1-25-g9875b3fc8c (webtiles) character file.

Game seed: 15927201653839609354

183 belegose the Skirmisher (level 5, 0/42 HPs)
             Began as a Demonspawn Cinder Acolyte on Feb 1, 2022.
             Was a High Priest of Ignis.
             Slain by a scorpion (4 damage)
             ... on level 4 of the Dungeon.
             The game lasted 00:07:45 (3094 turns).

belegose the Skirmisher (Demonspawn Cinder Acolyte) Turns: 3094, Time: 00:07:46

Health: 0/42       AC:  6    Str: 15    XL:     5   Next: 35%
Magic:  6/6        EV: 10    Int: 15    God:    Ignis [*****.]
Gold:   149        SH:  0    Dex: 10    Spells: 5/6 levels left

rFire   + . .      SeeInvis .   a - -1 falchion (flame)
rCold   . . .      Faith    .   (no shield)
rNeg    . . .      Spirit   .   c - +0 ring mail
rPois   .          Reflect  .   g - +0 helmet
rElec   .          Harm     .   (no cloak)
rCorr   .          Rampage  .   (no gloves)
Will    .....                   (no boots)
Stlth   ..........              (no amulet)
HPRegen 0.14/turn               (no ring)
MPRegen 0.20/turn               (no ring)

@: lethally poisoned (0 -> -1)
A: powered by death 1, magic regeneration
a: Renounce Religion, Fiery Armour, Foxfire Swarm, Rising Flame


You were on level 4 of the Dungeon.
You worshipped Ignis.
Ignis was extremely pleased with you.
You visited 1 branch of the dungeon, and saw 4 of its levels.

You collected 149 gold pieces.

Inventory:

Hand Weapons
 a - a -1 falchion of flaming (weapon)
Missiles
 d - 81 stones (quivered)
 e - 15 sling bullets
 f - 37 bolts
Armour
 c - a +0 ring mail (worn)
 g - a +0 helmet (worn)
Scrolls
 b - a scroll of enchant weapon {unknown}
 i - 2 scrolls of identify {unknown}
 k - a scroll of fear {unknown}
 l - a scroll of summoning {unknown}
 m - a scroll of noise {unknown}
Potions
 h - a potion of flight {unknown}
 j - a potion of brilliance {unknown}


   Skills:
 + Level 4.2 Fighting
 + Level 3.8 Long Blades
 + Level 2.5 Armour
 - Level 1.0 Spellcasting
 + Level 0.4 Necromancy
 - Level 2.6 Fire Magic


You had 5 spell levels left.
You knew the following spells:

 Your Spells              Type           Power      Damage    Failure   Level
a - Animate Skeleton      Necr           4%         N/A       36%         1

Your spell library contained the following spells:

 Spells                   Type           Power      Damage    Failure   Level
 Scorch                   Fire           16%        2d5       24%         2
 Apportation              Tloc           0%         N/A       43%         1
 Summon Small Mammal      Summ           0%         N/A       43%         1
 Corpse Rot               Necr/Air       2%         N/A       54%         2
 Poisonous Vapours        Pois/Air       0%         N/A       56%         2


Dungeon Overview and Level Annotations

Branches:
Dungeon (3/15)

Altars:


Innate Abilities, Weirdness & Mutations

You regenerate a little health from kills.
You regenerate magic rapidly.


Message History

You kill the worm!
A scorpion comes into view.
Found a sedimented inky potion.
You hit the scorpion but do no damage.
The scorpion stings you but does no damage.
You closely miss the scorpion. The scorpion stings you.
You closely miss the scorpion. The scorpion barely misses you.
The scorpion stings you but does no damage.
You hit the scorpion but do no damage. The scorpion stings you.
You are poisoned.
The scorpion poisons you!
You closely miss the scorpion.
You feel very sick. The scorpion barely misses you.
You closely miss the scorpion.
You feel sick.
The scorpion stings you but does no damage.
The scorpion misses you.
You hit the scorpion. You burn the scorpion.
The scorpion is lightly wounded.
You feel sick. The scorpion stings you.
You barely miss the scorpion.
The scorpion is lightly wounded.
You feel sick. The scorpion stings you!
You hit the scorpion. You burn the scorpion.
The scorpion is heavily wounded.
You feel sick.
The scorpion stings you but does no damage. x2
You closely miss the scorpion.
The scorpion is heavily wounded.
You feel sick.
The scorpion stings you but does no damage.
You hit the scorpion. You burn the scorpion.
The scorpion is severely wounded.
You feel sick. The scorpion closely misses you.
You hit the scorpion but do no damage.
The scorpion is severely wounded.
You feel sick. The scorpion stings you!
* * * LOW HITPOINT WARNING * * *
The scorpion stings you.
You die...

#.#.#..#
#.###..##.####.###
........#
#.................
####....#
#..##..##.#.##.###
##### #..
#..##.#.##.##
#..##.#.#...#
##################
#...........#.....
#.#########.#.####
#@s..!#.....#.....
#####.#.#########.
#...........
############


You could see a scorpion.

Vanquished Creatures
  A hound (D:3)
  An orc wizard (D:3)
  Robin (D:1)
  A howler monkey skeleton (D:4)
  2 adders (D:2)
  A worm (D:4)
  A dart slug (D:4)
  6 orcs
  5 ball pythons
  A bat (D:1)
  4 endoplasms
  6 giant cockroaches
  11 goblins
  5 hobgoblins
  4 jackals (D:1)
  6 kobolds
  4 quokkas
  A frilled lizard (D:1)
  8 rats
69 creatures vanquished.

Vanquished Creatures (others)
  A plant (D:2)
1 creature vanquished.

Grand Total: 70 creatures vanquished

Notes
Turn   | Place    | Note
-------+----------+-------------------------------------------
     0 | D:1      | belegose the Demonspawn Cinder Acolyte began the quest for
                  | the Orb.
     0 | D:1      | Reached XP level 1. HP: 18/18 MP: 2/2
   268 | D:1      | Gained mutation: You regenerate a little health from kills.
                  | [demonic ancestry]
   268 | D:1      | Reached XP level 2. HP: 15/24 MP: 3/3
   500 | D:1      | Reached skill level 1 in Armour
   779 | D:1      | Reached XP level 3. HP: 29/29 MP: 4/4
  1492 | D:2      | Found a faded altar of an unknown god.
  1628 | D:2      | Noticed Robin
  1861 | D:1      | Killed Robin
  1932 | D:2      | Gained mutation: You regenerate magic rapidly. [demonic
                  | ancestry]
  1932 | D:2      | Reached XP level 4. HP: 37/37 MP: 5/5
  2482 | D:3      | Reached skill level 4 in Fighting
  2620 | D:3      | Reached XP level 5. HP: 14/42 MP: 6/6
  2853 | D:3      | Learned a level 1 spell: Animate Skeleton
  2898 | D:3      | You fall into a shaft and drop 1 floor!
  3094 | D:4      | Slain by a scorpion

Illustrated notes

Levels and vault maps discovered:
D:1:      dpeg_arrival_more_subterranean_lakeside_camping, layout_basic
D:2:      wad_pebble_path, layout_loops_ring,
          shapermc_ecumenical_altar_mp_urbaneastern,
          nicolae_figureground_sparkle, uniq_robin
D:3:      layout_basic, chequers_serial_rivers_micro_b
D:4:      layout_loops_ring, roderic_serpentine_path, chequers_arboretum,
          st_stairs_2, kennysheep_flooded_box

Skill      XL: |  1  2  3  4 |
---------------+-------------+-----
Armour         | 1 2 |  2.5
Long Blades    | 3 |  3.8
Fighting       | 4 |  4.2
Spellcasting   | |  1.0
Necromancy     | |  0.4
Fire Magic     | |  2.6

Action                   |  1- 3 |  4- 6 || total
-------------------------+-------+-------++-------
Melee: Falchion          |   142 |    92 ||   234
       Punch             |     2 |     1 ||     3
Armor: Ring mail         |    52 |    25 ||    77
Dodge: Dodged            |    79 |    46 ||   125
